 Dungeon Crawl Stone Soup version 0.22.0-36-g8e74550 (webtiles) character file.

1906 shmeve the Cleaver (level 8, -11/111 HPs)
             Began as a Minotaur Berserker on Aug 24, 2018.
             Was an Elder of Trog.
             Mangled by an ogre
             ... wielding a +0 giant club
              (14 damage)
             ... on level 7 of the Dungeon.
             The game lasted 00:20:15 (6136 turns).

shmeve the Cleaver (Minotaur Berserker)             Turns: 6136, Time: 00:20:16

Health: -11/111    AC:  3    Str: 27 (29) XL:     8   Next: 94%
Magic:  7/7        EV: 14    Int:  0 (2)  God:    Trog [****..]
Gold:   390        SH:  0    Dex: 10 (12) Spells: 7/7 levels left

rFire    . . .     SeeInvis .   a - +1 hand axe
rCold    . . .     Gourm    .   (no shield)
rNeg     . . .     Faith    .   b - +1 animal skin
rPois    .         Spirit   .   (helmet restricted)
rElec    .         Reflect  .   (no cloak)
rCorr    .         Harm     .   (no gloves)
MR       +....                  (no boots)
Stlth    ..........             (no amulet)
HPRegen  0.28/turn              o - +1 ring of evasion
MPRegen  0.10/turn              l - ring of attention (curse)

@: berserking (expiring), slowed, lost intelligence, drained
A: retaliatory headbutt, horns 2, thin skeletal structure 1, dopey 1, magic
resistance 1
a: Berserk, Trog's Hand, Brothers in Arms, Renounce Religion


You were on level 7 of the Dungeon.
You worshipped Trog.
Trog was greatly pleased with you.
You were near starving.

You visited 1 branch of the dungeon, and saw 7 of its levels.

You collected 390 gold pieces.

Inventory:

Hand Weapons
 a - a +1 hand axe (weapon)
Armour
 b - a +1 animal skin (worn)
Jewellery
 d - a +2 ring of intelligence
 e - a +2 ring of intelligence
 l - a cursed ring of attention (right hand)
 o - a +1 ring of evasion (left hand)
 w - an uncursed ring of protection from fire
Scrolls
 h - a scroll of enchant weapon
 m - 4 scrolls of identify
 p - 2 scrolls of magic mapping
 x - a scroll of enchant armour
 y - a scroll of blinking
Potions
 i - 2 potions of berserk rage
 r - a potion of heal wounds
 u - a potion of brilliance
Comestibles
 c - 12 rations


   Skills:
 * Level 7.8(7.5) Fighting
 * Level 8.0(7.7) Axes
 * Level 5.5(5.2) Throwing
 + Level 5.4(5.1) Armour
 + Level 4.9(4.6) Dodging


You had 7 spell levels left.
You didn't know any spells.
Your spell library was empty.

Dungeon Overview and Level Annotations

Branches:
Dungeon (7/15)             Temple (0/1) D:4

Altars:
Ashenzari
Hepliaklqana
Kikubaaqudgha
Xom
The Shining One


Innate Abilities, Weirdness & Mutations

You reflexively headbutt those who attack you in melee.
You have a pair of horns on your head.
You have a somewhat thin skeletal structure. (Dex +2, Stealth)
You are dopey. (Int -2)
You are resistant to hostile enchantments. (MR+)


Message History

Trog accepts your kill.
Unknown command.
You slash the wight! Your headbutt misses the wight.
The wight is heavily damaged.
The wight closely misses you.
You hit the wight.
The wight is severely damaged.
Unknown command.
You slice the wight!!
You destroy the wight!
Trog accepts your kill.
Your base Axes skill increases to level 8!
The ogre hits you with a giant club!
* * * LOW HITPOINT WARNING * * *
Items here: ))) [[[ You barely miss the ogre.
The ogre barely misses you.
You slice the ogre!!
The ogre is severely wounded.
The ogre hits you with a giant club!
You die...

## #.## #...###
#####?......
#...@O......
#.###.....##
#.# ....## #.#
.#.##
#############.#
.###
.>....(.......#
.#
#.#####.#######
.. #.........#
##
#..####.#.(....


You could see an ogre.

Vanquished Creatures
  Prince Ribbit (D:5)
  Menkaure (D:4)
  A water moccasin (D:7)
  2 sky beasts (D:6)
  An ogre (D:6)
  2 bullfrogs
  7 wights
  3 crimson imps
  A centaur zombie (D:6)
  A bullfrog zombie (D:6)
  A jelly (D:6)
  An orc priest (D:6)
  5 hounds
  2 orc wizards (D:6)
  Terence (D:2)
  4 worker ants
  A howler monkey zombie (D:5)
  5 adders
  7 gnolls
  A shadow imp (D:3)
  2 adder zombies (D:6)
  An adder skeleton (D:4)
  3 worms
  A dart slug (D:3)
  6 leopard geckos
  11 orcs
  6 giant cockroaches
  2 goblins (D:1)
  5 hobgoblins
  7 jackals (D:2)
  4 quokkas
  2 ball pythons
  7 bats
  2 frilled lizards (D:2)
  7 kobolds
  9 rats
123 creatures vanquished.

Notes
Turn   | Place    | Note
-------+----------+-------------------------------------------
     0 | D:1      | shmeve the Minotaur Berserker began the quest for the Orb.
     0 | D:1      | Reached XP level 1. HP: 19/19 MP: 0/0
   306 | D:1      | Found a shattered altar of Ashenzari.
   312 | D:1      | Reached XP level 2. HP: 13/27 MP: 1/1
  1267 | D:2      | Noticed Terence
  1273 | D:2      | Reached skill level 1 in Throwing
  1274 | D:2      | Killed Terence
  1274 | D:2      | Reached skill level 4 in Axes
  1274 | D:2      | Reached XP level 3. HP: 33/33 MP: 2/2
  1274 | D:2      | Reached ** piety under Trog
  1454 | D:2      | Reached XP level 4. HP: 40/40 MP: 3/3
  1915 | D:3      | You fall through a shaft!
  1918 | D:4      | Found a staircase to the Ecumenical Temple.
  1942 | D:4      | Reached XP level 5. HP: 32/47 MP: 4/4
  2041 | D:4      | Found an ancient bone altar of Kikubaaqudgha.
  2248 | D:3      | Reached *** piety under Trog
  2981 | D:4      | Noticed Menkaure
  2988 | D:4      | Killed Menkaure
  2988 | D:4      | Reached skill level 5 in Fighting
  2988 | D:4      | Reached skill level 5 in Axes
  2988 | D:4      | Reached XP level 6. HP: 56/56 MP: 5/5
  3117 | D:4      | You fall through a shaft!
  3117 | D:5      | Entered Level 5 of the Dungeon
  3117 | D:5      | Noticed Prince Ribbit
  3126 | D:5      | Killed Prince Ribbit
  3403 | D:5      | Found a hazy altar of Hepliaklqana.
  3405 | D:5      | Found a glowing golden altar of the Shining One.
  3412 | D:5      | Found a shimmering altar of Xom.
  3457 | D:5      | Reached XP level 7. HP: 54/62 MP: 6/6
  3534 | D:5      | Reached skill level 6 in Axes
  4891 | D:6      | Reached XP level 8. HP: 65/71 MP: 7/7
  5047 | D:6      | Reached skill level 7 in Axes
  5060 | D:6      | HP: 2/73 [wight/battleaxe (5)]
  5066 | D:6      | Reached **** piety under Trog
  5074 | D:6      | Reached skill level 5 in Armour
  5369 | D:6      | Reached skill level 5 in Throwing
  6030 | D:7      | Gained mutation: You are dopey. (Int -2) [potion of mutation]
  6030 | D:7      | Gained mutation: You have a somewhat thin skeletal structure. (Dex +2, Stealth) [potion of mutation]
  6030 | D:7      | Gained mutation: You are resistant to hostile enchantments. (MR+) [potion of mutation]
  6088 | D:7      | Lost intelligence.
  6133 | D:7      | Reached skill level 8 in Axes
  6134 | D:7      | HP: 2/111 [ogre/giant club (7)]
  6136 | D:7      | Mangled by an ogre

Skill      XL: |  1  2  3  4  5  6  7  8 |
---------------+-------------------------+-----
Throwing       | 1 2 3 4 5 |  5.5
Fighting       | 4 5 6 7 |  7.8
Axes           | 4 5 6 8 |  8.0
Armour         | 3 4 5 |  5.4
Dodging        | 3 4 |  4.9

Action                   |  1- 3 |  4- 6 |  7- 9 || total
-------------------------+-------+-------+-------++-------
Melee: Hand axe          |    69 |    80 |   138 ||   287
       Headbutt          |     9 |    13 |    23 ||    45
Invok: Berserk           |     1 |     2 |     2 ||     5
       Trog's Hand       |       |     2 |     2 ||     4
  Use: Scroll            |       |     5 |     1 ||     6
       Potion            |       |       |    12 ||    12
  Eat: Chunk             |     2 |     9 |     6 ||    17
       Ration            |       |       |     1 ||     1
Armor: Animal skin       |    14 |    10 |    13 ||    37
Dodge: Dodged            |    70 |    62 |   112 ||   244
